 Dungeon Crawl Stone Soup version 0.25-a0-279-g53730b6a6f (webtiles) character file.

Game seed: 9231417784126218955, levelgen mode: deterministic

9284 RedPan the Martial Artist (level 11, -6/89 HPs)
             Began as a Black Draconian Transmuter on Dec 10, 2019.
             Was a High Priest of Okawaru.
             Mangled by an unseen horror (10 damage)
             ... on level 11 of the Dungeon.
             The game lasted 00:39:41 (11886 turns).

RedPan the Martial Artist (DrTm)                   Turns: 11886, Time: 00:39:41

Health: -6/89      AC:  2    Str: 13    XL:     11   Next: 21%
Magic:  15/17      EV: 25    Int: 15    God:    Okawaru [*****.]
Gold:   461        SH:  0    Dex: 20    Spells: 5/18 levels left

rFire    . . .     SeeInvis .     - Unarmed
rCold    . . .     Gourm    .   (shield currently unavailable)
rNeg     + . .     Faith    .   (armour unavailable)
rPois    x         Spirit   .   (helmet currently unavailable)
rElec    .         Reflect  .   (cloak currently unavailable)
rCorr    .         Harm     .   (gloves currently unavailable)
MR       .....     Clarity  +   (boots currently unavailable)
Stlth    ++........             (no amulet)
HPRegen  0.24/turn              f - ring of positive energy
MPRegen  0.15/turn              v - +2 ring of dexterity

@: spider-form
A: tiny, (breathe lightning), unfitting armour, clarity, AC +7
a: End Transformation, Heroism, Finesse, Renounce Religion


You were on level 11 of the Dungeon.
You worshipped Okawaru.
Okawaru was extremely pleased with you.
You were not hungry.
You were a venomous arachnid creature.
You visited 2 branches of the dungeon, and saw 12 of its levels.
You also visited: Sewer and Ossuary.

You collected 936 gold pieces.
You spent 475 gold pieces at shops.

Inventory:

Missiles
 a - 193 arrows
Armour
 u - a +1 buckler of positive energy (melded)
 B - a +0 cloak (melded)
 C - a +2 shield of protection
 D - a +1 pair of gloves (melded)
Magical Staves
 A - an uncursed staff of death
Jewellery
 f - a ring of positive energy (left front leg)
 v - a +2 ring of dexterity (right front leg)
 x - a +3 ring of intelligence
 E - an uncursed ring of positive energy
Wands
 n - a wand of digging (4)
 t - a wand of iceblast (21)
 y - a wand of polymorph (2)
 z - a wand of enslavement (6)
Scrolls
 d - a scroll of magic mapping
 e - 6 scrolls of remove curse
 h - 3 scrolls of teleportation
 k - a scroll of amnesia {unknown}
 o - 2 scrolls of enchant armour
 q - a scroll of vulnerability {unknown}
 F - 4 scrolls of identify
Potions
 b - 3 potions of heal wounds
 g - 4 potions of brilliance
 i - 5 potions of haste
 j - a potion of berserk rage
 l - a potion of flight {unknown}
 m - 3 potions of curing
 p - 2 potions of cancellation
 r - a potion of agility
 s - 2 potions of lignification
 w - 2 potions of invisibility
Comestibles
 c - 13 rations
 G - 8 chunks of flesh


   Skills:
 - Level 6.0 Fighting
 + Level 6.2 Dodging
 - Level 4.0 Shields
 + Level 9.5 Unarmed Combat
 - Level 4.0 Spellcasting
 + Level 2.4 Charms
 + Level 2.7 Necromancy
 - Level 8.0 Transmutations
 - Level 4.0 Ice Magic
 - Level 2.0 Poison Magic
 - Level 5.1 Invocations


You had 5 spell levels left.
You knew the following spells:

 Your Spells              Type           Power        Failure   Level  Hunger
a - Beastly Appendage     Tmut           ####..       4%          1    None
b - Sticks to Snakes      Tmut           ####....     5%          2    ##.....
c - Spider Form           Tmut/Pois      ###.......   19%         3    ###....
d - Ice Form              Ice/Tmut       ###.....     34%         4    ####...
e - Regeneration          Chrm/Necr      ##........   38%         3    ###....

Your spell library contained the following spells:

 Spells                   Type           Power        Failure   Level  Hunger
 Pain                     Necr           ##..         17%         1    None
 Infusion                 Chrm           ##..         19%         1    None
 Song of Slaying          Chrm           ##......     24%         2    ##.....
 Ensorcelled Hibernation  Hex/Ice        #.....       28%         2    ##.....
 Shroud of Golubria       Chrm/Tloc      #.....       36%         2    ##.....
 Corona                   Hex            #......      38%         1    None
 Blade Hands              Tmut           ####......   38%         5    ######.
 Spectral Weapon          Hex/Chrm       #.......     54%         3    ###....
 Confuse                  Hex            #.......     69%         3    ###....
 Dazzling Flash           Conj/Hex       #.....       69%         3    ###....
 Tukima's Dance           Hex            #.......     69%         3    ###....


Dungeon Overview and Level Annotations

Branches:
Dungeon (11/15)            Temple (1/1) D:6           Sewer (visited)
Ossuary (visited)
   Lair: D:8-11         Orc: D:9-12

Altars:
Ashenzari
Cheibriados
Dithmenos
Elyvilon
Fedhas
Gozag
Hepliaklqana
Kikubaaqudgha
Makhleb
Nemelex Xobeh
Okawaru
Qazlal
Ru
Sif Muna
Trog
Uskayaw
Vehumet
Wu Jian
Xom
Yredelemnul
Zin
The Shining One

Shops:
D:6 *   D:8 *

Annotations:
D:9 1 runed translucent door


Innate Abilities, Weirdness & Mutations

((You can breathe wild blasts of lightning.))
((Your glossy black scales are hard. (AC +7)))
You cannot fit into any form of body armour.
((You are resistant to electric shocks. (rElec)))
((You are cold-blooded and may be slowed by cold attacks.))
((You have large cloven feet.))
You possess an exceptional clarity of mind.


Message History

Casting: Ice Form (slightly dangerous; 16% risk of failure)
Confirm with . or Enter, or press ? or * to list all spells.
You turn into a venomous arachnid creature.
Your +0 cloak melds into your body.
Your +1 pair of gloves melds into your body.
Your +1 buckler of positive energy melds into your body.
You feel less protected from negative energy.
Something hits you!
* * * LOW HITPOINT WARNING * * *
Something closely misses you. Something hits you but does no damage.
Something closely misses you. Something misses you.
Something hits you but does no damage. Something hits you!
* * * LOW HITPOINT WARNING * * *
Something hits you but does no damage. Something hits you!
* * * LOW HITPOINT WARNING * * *
Something hits you!
You die...

### #..).............# #.##
......#..#######.....#
##.#.....###
##)...>.†).....#
.........####......####....#
###............>.###.## ...#
.....##...#####.# #..# ...#
...##...## #.# ##.# .#
#.#..#..####.# #.# #
##...##....##s# #.##
####....###o...#.# #..#
.$).?##..o..##.o.## ##.#
..##........##....# #.##
..#####.....##....# #..# #.#
#.....####..## ##.# ..#
####### ##..####.# ###
#.......# . #.......#


You could see an orc warrior.

Vanquished Creatures
  Erica (D:9)
  2 two-headed ogres
  Joseph (D:7)
  2 trolls (D:10)
  A wyvern (D:10)
  9 yaks
  Sigmund (D:2)
  A hungry ghost (D:10)
  Menkaure (D:7)
  A black bear (D:10)
  5 orc warriors
  2 sky beasts
  2 ice beasts
  2 necrophages
  6 ogres
  4 centaurs
  4 bullfrogs
  A big kobold (D:7)
  5 scorpions
  5 killer bees
  9 wights
  2 howler monkeys (D:8)
  3 crimson imps
  A bullfrog zombie (D:9)
  4 hounds
  A centaur zombie (D:6)
  6 jellies
  A bullfrog skeleton (D:8)
  3 centaur skeletons
  4 orc priests
  7 orc wizards
  An iguana (D:9)
  Jessica (D:2)
  4 worker ants
  A hound zombie (D:7)
  11 mummies (Ossuary)
  A worker ant zombie (D:6)
  3 gnolls (D:7)
  18 adders
  6 oozes
  A worm (D:3)
  3 dart slugs
  17 leopard geckos
  41 orcs
  15 ball pythons
  17 giant cockroaches
  4 goblins
  8 hobgoblins
  4 jackals
  2 quokkas (D:6)
  A bat (D:2)
  13 frilled lizards
  A gnoll skeleton (Ossuary)
  2 goblin skeletons (Ossuary)
  7 kobolds
  3 kobold skeletons (Ossuary)
  A leopard gecko skeleton (D:7)
  2 orc skeletons (Ossuary)
  2 quokka skeletons
  8 rats
  11 rat skeletons (Ossuary)
306 creatures vanquished.

Vanquished Creatures (collateral kills)
  A crimson imp (D:3)
1 creature vanquished.

Vanquished Creatures (others)
  23 fungi (D:11)
  8 plants (D:11)
31 creatures vanquished.

Grand Total: 338 creatures vanquished

Notes
Turn   | Place    | Note
-------+----------+-------------------------------------------
     0 | D:1      | RedPan the Draconian Transmuter began the quest for the
                  | Orb.
     0 | D:1      | Reached XP level 1. HP: 16/16 MP: 3/3
   251 | D:1      | Reached XP level 2. HP: 24/24 MP: 3/5
   775 | D:2      | Reached XP level 3. HP: 28/30 MP: 6/6
   786 | D:2      | Learned a level 2 spell: Sticks to Snakes
   851 | D:2      | Noticed Sigmund
   857 | D:2      | Gained mutation: You possess an exceptional clarity of
                  | mind. [potion of mutation]
   857 | D:2      | Gained mutation: You have large cloven feet. [potion of
                  | mutation]
   868 | D:2      | Killed Sigmund
   868 | D:2      | Reached skill level 4 in Unarmed Combat
   868 | D:2      | Reached XP level 4. HP: 17/40 MP: 5/7
   868 | D:2      | Reached XP level 5. HP: 20/46 MP: 5/8
  1099 | D:2      | Noticed Jessica
  1103 | D:2      | Killed Jessica
  1271 | D:2      | Learned a level 3 spell: Spider Form
  1351 | D:3      | Found a sacrificial altar of Ru.
  1719 | D:3      | Reached skill level 5 in Unarmed Combat
  1827 | D:3      | Reached XP level 6. HP: 52/52 MP: 6/9
  1850 | D:3      | Found a glowing drain.
  1854 | Sewer    | Entered a sewer
  1873 | Sewer    | Reached skill level 1 in Poison Magic
  2576 | Sewer    | Your scales start taking on a glossy black colour.
  2576 | Sewer    | Reached XP level 7. HP: 23/59 MP: 11/11
  2576 | Sewer    | Gained mutation: You are resistant to electric shocks.
                  | (rElec) [Black Draconian growth]
  2926 | D:3      | Found a sparkling altar of Nemelex Xobeh.
  3129 | D:4      | Learned a level 4 spell: Ice Form
  3524 | D:4      | Reached skill level 1 in Ice Magic
  3662 | D:5      | Entered Level 5 of the Dungeon
  3784 | D:5      | Reached XP level 8. HP: 24/66 MP: 8/14
  3906 | D:5      | Found a sand-covered staircase.
  3911 | Ossuary  | Entered an ossuary
  4617 | D:5      | Found a burning altar of Makhleb.
  4738 | D:5      | Found a blossoming altar of Fedhas.
  4908 | D:6      | Found a white marble altar of Elyvilon.
  5007 | D:6      | Reached skill level 5 in Transmutations
  5067 | D:6      | Found Ekom's Assorted Antiques.
  5070 | D:6      | Bought a glowing ivory wand for 80 gold pieces
  5070 | D:6      | Bought a shiny buckler for 150 gold pieces
  5070 | D:6      | Bought a peridot ring for 100 gold pieces
  5071 | D:6      | Found a staircase to the Ecumenical Temple.
  5079 | Temple   | Entered the Ecumenical Temple
  5121 | Temple   | Became a worshipper of Warmaster Okawaru
  5198 | D:6      | Found a shimmering altar of Xom.
  5210 | D:6      | Found a white marble altar of Elyvilon.
  5483 | D:6      | Found a hazy altar of Hepliaklqana.
  5483 | D:6      | Found a bloodstained altar of Trog.
  5651 | D:6      | Reached skill level 1 in Invocations
  5775 | D:6      | Found a shimmering altar of Xom.
  5775 | D:6      | Found a shimmering altar of Xom.
  5775 | D:6      | Found a shimmering altar of Xom.
  6179 | D:6      | Reached skill level 6 in Unarmed Combat
  6233 | D:7      | Reached * piety under Okawaru
  6233 | D:7      | Reached XP level 9. HP: 66/71 MP: 15/15
  6385 | D:7      | Noticed Joseph
  6403 | D:7      | Killed Joseph
  6898 | D:7      | Reached skill level 1 in Shields
  7087 | D:7      | Reached skill level 7 in Unarmed Combat
  7100 | D:7      | Noticed Menkaure
  7107 | D:7      | Killed Menkaure
  7866 | D:8      | Found a blossoming altar of Fedhas.
  7875 | D:8      | Found a stormy altar of Qazlal.
  7992 | D:8      | Found Xenk's Assorted Antiques.
  7999 | D:8      | Bought a copper ring for 145 gold pieces
  8079 | D:8      | Found an ancient bone altar of Kikubaaqudgha.
  8079 | D:8      | Found a shimmering blue altar of Sif Muna.
  8080 | D:8      | Found a radiant altar of Vehumet.
  8082 | D:8      | Identified Kikubaaqudgha's Reference Book on Unholy Rites
  8128 | D:8      | Reached ** piety under Okawaru
  8182 | D:8      | Reached skill level 5 in Invocations
  8498 | D:9      | Noticed Erica
  8505 | D:9      | Noticed a two-headed ogre
  8517 | D:9      | Killed Erica
  8517 | D:9      | Reached *** piety under Okawaru
  8517 | D:9      | Reached XP level 10. HP: 36/80 MP: 11/16
  8867 | D:9      | Found a white marble altar of Elyvilon.
  8867 | D:9      | Found a runed translucent door.
  8867 | D:9      | Noticed an angel
  9007 | D:9      | Reached skill level 5 in Fighting
  9010 | D:9      | Reached skill level 8 in Unarmed Combat
  9197 | D:9      | Killed a two-headed ogre
  9473 | D:9      | Found an ornate altar of the Wu Jian Council.
  9572 | D:10     | Entered Level 10 of the Dungeon
  9779 | D:10     | Reached **** piety under Okawaru
  9917 | D:10     | Noticed a two-headed ogre
 10068 | D:10     | Reached skill level 5 in Dodging
 10225 | D:10     | Killed a two-headed ogre
 10225 | D:10     | Reached skill level 9 in Unarmed Combat
 10275 | D:10     | Learned a level 3 spell: Regeneration
 10381 | D:10     | Reached skill level 1 in Necromancy
 10585 | D:10     | Reached skill level 1 in Charms
 10609 | D:9      | Reached ***** piety under Okawaru
 10839 | D:10     | Reached XP level 11. HP: 35/89 MP: 13/17
 11200 | D:10     | Found a stormy altar of Qazlal.
 11515 | D:11     | Received a gift from Okawaru
 11886 | D:11     | HP: 4/89 [something (10)]
 11886 | D:11     | Mangled by an unseen horror

Levels and vault maps discovered:
D:1:      minmay_arrival_widening_spiral_wide, layout_rooms
D:2:      layout_loops_ring, first_ration, uniq_jessica, uniq_sigmund
D:3:      layout_loops_ring, nicolae_ru_awakened_eye,
          nicolae_overflow_hidden_temple, gup_sewer_entry_bowl,
          grunt_ministairs_11
D:4:      layout_rooms, hangedman_decor_peaks_small
D:5:      layout_loops_cross, overflow_temple_1_default,
          nicolae_ossuary_entry_plus, fedhas_altar_1
D:6:      layout_gridville, elyvilon_altar_1, xom_redecorated,
          gammafunk_temple_overflow_elements, minmay_temple_entry_overgrown,
          basic_altar, serial_shops, nicolae_shop_trees, minivault_11
D:7:      layout_loops_cross, uniq_joseph, uniq_menkaure
D:8:      layout_loops_cross, grunt_temple_overflow_forces_of_nature,
          grunt_temple_overflow_magic_moments, serial_shops, shop_statue
D:9:      layout_rooms, marbit_many_paths, lemuel_angel_altar, uniq_erica
D:10:     layout_layer_cave, enter_bailey_2, basic_altar, special_room
          [special_room_orc]
D:11:     layout_rooms, grunt_lair_entry_orc_guard_hut, orc_0_dummy,
          serial_shops, kennysheep_little_box
Temple:   jpeg_temple_island

Skill      XL: |  1  2  3  4  5  6  7  8  9 10 11 |
---------------+----------------------------------+-----
Fighting       | 2 4 6 |  6.0
Unarmed Combat | 4 5 6 7 9 |  9.5
Poison Magic   | 2 |  2.0
Dodging        | 2 3 4 5 6 |  6.2
Transmutations | 3 4 5 6 8 |  8.0
Spellcasting   | 3 4 |  4.0
Ice Magic      | 2 4 |  4.0
Invocations    | 2 5 |  5.1
Shields        | 3 4 |  4.0
Necromancy     | 1 2 |  2.7
Charms         | 1 2 |  2.4

Action                   |  1- 3 |  4- 6 |  7- 9 | 10-12 || total
-------------------------+-------+-------+-------+-------++-------
Melee: Unarmed           |    62 |   293 |   449 |   273 ||  1077
       Tailslap          |     5 |    22 |    17 |     3 ||    47
       Headbutt          |     4 |    21 |       |       ||    25
       Kick              |       |    45 |    40 |    12 ||    97
       Punch             |       |     3 |     2 |       ||     5
 Cast: Beastly Appendage |     4 |    19 |     1 |       ||    24
       Sticks to Snakes  |       |     1 |       |       ||     1
       Spider Form       |       |     4 |    32 |    10 ||    46
       Ice Form          |       |       |     6 |    14 ||    20
       Regeneration      |       |       |       |     2 ||     2
Invok: Heroism           |       |       |       |     3 ||     3
  Use: Scroll            |     5 |     2 |    10 |     6 ||    23
       Potion            |     3 |       |     1 |       ||     4
 Stab: Sleeping          |       |       |     4 |       ||     4
  Eat: Chunk             |       |     7 |    18 |    10 ||    35
       Ration            |       |       |     2 |     2 ||     4
Armor: Skin              |    18 |    93 |    49 |    33 ||   193
Dodge: Dodged            |    26 |   198 |   270 |   173 ||   667
Block: Buckler           |       |       |    11 |     8 ||    19

Table legend:
 A = Non-vault XP
 B = Vault XP
 C = Vault XP percentage of total XP
 D = Non-vault monster count
 E = Vault monster count
 F = Vault count percentage of total count
                 A         B        C        D         E       F
            +---------+---------+-------+---------+---------+-------
      Total |   10431 |    2832 |  21.4 |     188 |     119 |  38.8
            +---------+---------+-------+---------+---------+-------
        D:1 |      21 |       0 |   0.0 |       9 |       0 |   0.0
        D:2 |      27 |     242 |  90.0 |      10 |       2 |  16.7
        D:3 |      93 |      16 |  14.7 |      16 |       4 |  20.0
        D:4 |     256 |       0 |   0.0 |      16 |       0 |   0.0
        D:5 |     516 |       0 |   0.0 |      14 |       0 |   0.0
        D:6 |     705 |       0 |   0.0 |      16 |       0 |   0.0
        D:7 |    1143 |     602 |  34.5 |      32 |       2 |   5.9
        D:8 |     355 |       0 |   0.0 |       9 |       0 |   0.0
        D:9 |    2416 |    1007 |  29.4 |      23 |       2 |   8.0
       D:10 |    3158 |     342 |   9.8 |      24 |      15 |  38.5
       D:11 |    1741 |       0 |   0.0 |      19 |       0 |   0.0
      Sewer |       0 |     410 | 100.0 |       0 |      64 | 100.0
    Ossuary |       0 |     213 | 100.0 |       0 |      30 | 100.0
            +---------+---------+-------+---------+---------+-------
